Map: Rhoskallian LE

Players

balbla

  • Race: Zerg Zerg
  • League: Diamond
  • Spawn Location: 6:00

glaDo

  • Race: Zerg Zerg
  • League: Gold
  • Spawn Location: 5:00

qqq - Winner!

  • Race: Zerg Zerg
  • Spawn Location: 12:00

Massa - Winner!

  • Race: Terran Terran
  • League: Platinum
  • Spawn Location: 11:00

VOD

Have the link to the VOD?

Description

Time

  • Played on: Oct. 20, 2020, 4:27 p.m.
  • Length: 15:51
Show
View Real Time Build Order
Export as new Build Order

balbla Zerg 

Build Orders: Hatch First, Lurkers 

Get SALT Encoding   

  12  0:01  Drone  
  13  0:13  Overlord  
  13  0:19  Drone  
  14  0:31  Drone x2  
  16  0:50  Hatchery  
  16  0:54  Drone  
  16  0:55  Drone  
  17  1:08  Extractor  
  16  1:12  Spawning Pool  
  16  1:15  Drone  
  16  1:18  Drone  
  16  1:21  Drone  
  18  1:29  Drone  
  19  1:39  Overlord  
  19  1:58  Queen  
  21  2:03  Queen  
  21  2:04  Drone x3  
  26  2:09  Metabolic Boost  
  26  2:13  Zergling x2  
  27  2:20  Zergling x2  
  28  2:28  Zergling x2  
  28  2:29  Zergling x2  
  30  2:47  Drone x2  
  30  2:48  Queen  
  34  2:54  Drone  
  34  2:55  Drone  
  34  2:56  Overlord  
  36  3:07  Hatchery  
  35  3:47  Lair  
  35  3:50  Baneling Nest  
  35  3:51  Drone  
  35  3:52  Drone  
  36  4:19  Extractor x2  
  36  4:21  Drone  
  36  4:22  Drone x2, Overlord x2  
  36  4:23  Drone, Overlord  
  36  4:24  Drone x5, Extractor  
  42  4:40  Queen  
  42  4:41  Drone x6  
  42  4:42  Drone x2  
  42  4:43  Drone  
  42  4:44  Drone x2  
  55  4:47  Drone  
  56  4:59  Hydralisk Den  
  51  5:02  Zergling x6  
  51  5:03  Zergling x6  
  57  5:09  Spine Crawler  
  57  5:10  Spine Crawler  
  55  5:31  Muscular Augments  
  55  5:34  Zergling x2  
  55  5:35  Zergling x6  
  59  5:36  Baneling  
  59  5:37  Baneling x6  
  59  5:39  Centrifical Hooks  
  59  5:43  Drone x5  
  64  5:56  Hydralisk, Spore Crawler  
  65  6:08  Overlord x3  
  65  6:23  Overlord x2  
  65  6:24  Overlord x2  
  63  6:41  Baneling x3  
  63  6:42  Baneling x3  
  63  6:43  Hydralisk  
  63  6:44  Hydralisk x7  
  79  7:00  Hydralisk  
  79  7:01  Hydralisk x4  
  81  7:21  Hydralisk x2  
  81  7:22  Hydralisk x3, Zergling x8  
  95  7:23  Zergling x2  
  86  7:44  Hydralisk x6  
  86  7:50  Overlord  
  86  7:51  Overlord  
  98  7:52  Drone x2  
  95  7:59  Spine Crawler  
  95  8:04  Drone x3  
  95  8:05  Extractor  
  93  8:08  Overlord x3  
  90  8:17  Spore Crawler  
  90  8:18  Spore Crawler  
  88  8:20  Spore Crawler  
  88  8:22  Drone x3  
  90  8:27  Spore Crawler  
  90  8:30  Spore Crawler  
  90  8:33  Spore Crawler  
  87  8:34  Drone  
  87  8:35  Drone  
  89  8:46  Hydralisk x2, Zergling x2  
  94  8:52  Spore Crawler  
  94  8:53  Spore Crawler  
  85  9:05  Hydralisk x2, Zergling x2  
  85  9:09  Drone x2  
  90  9:20  Evolution Chamber  
  70  9:50  Hydralisk x5  
  70  9:51  Hydralisk x3  
  64  9:56  Spore Crawler  
  57  10:05  Lurker Den  
  51  10:10  Drone x3  
  52  10:24  Queen  
  54  10:38  Drone x5  
  54  10:39  Drone  
  54  10:42  Zerg Missile Weapons Level 1  
  60  10:47  Drone  
  60  10:48  Drone  
  62  11:09  Spore Crawler  
  61  11:14  Spore Crawler  
  61  11:17  Hydralisk x2  
  61  11:18  Hydralisk x2  
  68  11:45  Queen  
  68  11:46  Drone x4  
  68  11:47  Drone x2  
  76  11:53  Drone x2, Infestation Pit  
  76  11:54  Drone  
  78  12:30  Hive  
  78  12:34  Lurker x7  
  78  12:35  Lurker  
  78  12:36  Hydralisk, Zerg Ground Armor Level 1  
  86  12:37  Hydralisk x5  
  86  12:40  Drone x2  
  100  12:56  Overlord  
  100  12:57  Overlord x3  
  100  13:11  Hatchery  
  99  13:18  Hydralisk  
  99  13:19  Hydralisk x4  
  94  13:31  Hydralisk  
  94  13:32  Hydralisk x3  
  78  13:50  Hydralisk x3  
  78  13:51  Hydralisk x3  
  34  14:32  Hydralisk  
  34  14:33  Hydralisk x7  
  32  14:55  Drone x3  
Show
View Real Time Build Order
Export as new Build Order

glaDo Zerg 

Build Orders: Hatch First 

Get SALT Encoding   

  12  0:02  Drone  
  13  0:14  Overlord  
  13  0:20  Drone  
  14  0:33  Drone x2  
  16  0:43  Drone  
  17  1:06  Hatchery  
  17  1:08  Drone x2  
  18  1:18  Spawning Pool  
  18  1:20  Extractor, Drone  
  17  1:49  Drone x2  
  17  1:50  Drone  
  20  2:21  Queen x2  
  24  2:39  Zergling x2  
  24  2:40  Zergling x6  
  28  3:01  Metabolic Boost  
  28  3:09  Extractor  
  24  3:57  Drone x3  
  27  4:07  Roach Warren  
  26  4:11  Drone x2  
  26  4:12  Evolution Chamber  
  26  4:13  Evolution Chamber  
  26  4:17  Overlord  
  26  4:19  Overlord  
  26  4:34  Drone x2  
  26  4:35  Overlord  
  28  4:45  Drone  
  28  4:46  Drone x4  
  28  4:50  Lair  
  33  4:54  Roach x5  
  42  5:36  Roach x4  
  42  5:38  Overlord  
  50  5:44  Zerg Missile Weapons Level 1, Zerg Ground Armor Level 1  
  50  5:48  Drone  
  51  6:04  Spore Crawler  
  50  6:08  Hydralisk Den  
  49  6:13  Roach x4  
  49  6:14  Roach  
  59  6:20  Overlord  
  59  6:33  Glial Reconstitution  
  59  6:47  Extractor  
  59  6:50  Hydralisk x4  
  66  6:58  Overlord x3  
  62  7:32  Hydralisk x3  
  62  7:33  Hydralisk x3  
  74  8:09  Hydralisk x2  
  74  8:10  Hydralisk  
  80  8:35  Hydralisk x4  
  88  8:45  Drone x3  
  91  8:51  Extractor  
  90  9:13  Overlord x2  
  90  9:14  Overlord  
  90  9:39  Hydralisk x6  
  102  10:03  Hydralisk x4  
  110  10:28  Hydralisk x3  
  116  10:41  Muscular Augments  
  116  11:03  Overlord x2  
  116  11:44  Hydralisk x4  
  116  11:45  Hydralisk x4  
  132  11:47  Overlord  
  132  11:52  Zerg Ground Armor Level 2, Grooved Spines  
  132  11:53  Zerg Missile Weapons Level 2  
  132  12:28  Drone x6  
  138  12:48  Hydralisk  
  138  12:50  Overlord x2  
  140  13:04  Hatchery  
  71  14:19  Hydralisk x3  
  71  14:20  Hydralisk x7  
  63  14:32  Hydralisk  
  63  14:33  Hydralisk x7  
  63  14:34  Hydralisk x7  
Show
View Real Time Build Order
Export as new Build Order

qqq Zerg - Winner!

Build Orders: Hatch First, Brood Lord Corruptor 

Get SALT Encoding   

  12  0:05  Drone  
  13  0:08  Drone  
  14  0:37  Hatchery  
  13  0:45  Drone  
  14  0:57  Spawning Pool  
  13  1:05  Overlord  
  13  1:09  Drone  
  14  1:16  Extractor, Drone  
  14  1:23  Drone  
  15  1:27  Drone  
  16  1:49  Drone  
  16  1:50  Queen  
  16  1:51  Drone  
  16  1:52  Drone  
  21  2:13  Drone  
  21  2:14  Drone  
  23  2:16  Drone x2  
  23  2:17  Queen  
  27  2:24  Spine Crawler  
  27  2:26  Drone  
  27  2:28  Zergling x2  
  29  2:41  Extractor  
  29  2:49  Overlord x2  
  29  2:53  Baneling Nest  
  28  3:03  Extractor  
  28  3:04  Drone  
  28  3:08  Drone x3  
  28  3:09  Drone x2  
  28  3:10  Drone  
  34  3:15  Lair  
  34  3:16  Zergling x2  
  35  3:21  Drone  
  36  3:44  Drone  
  36  3:45  Zergling x6  
  40  3:51  Drone x3  
  43  4:08  Drone  
  43  4:09  Hatchery  
  43  4:12  Overlord  
  43  4:13  Overlord  
  43  4:21  Baneling x2  
  43  4:22  Baneling x6  
  43  4:26  Drone  
  43  4:27  Hatchery, Drone  
  44  4:34  Extractor  
  44  4:36  Extractor  
  42  4:50  Metabolic Boost  
  42  4:57  Hatchery  
  40  5:11  Spore Crawler  
  40  5:12  Drone x2, Zergling x2, Spire  
  40  5:13  Zergling x2  
  40  5:14  Drone x3  
  44  5:19  Spore Crawler  
  44  5:20  Drone  
  45  5:35  Zergling x4  
  45  5:36  Zergling x4  
  45  5:40  Drone x2  
  51  5:45  Infestation Pit  
  51  5:46  Drone  
  51  5:47  Drone  
  52  5:50  Spore Crawler  
  52  5:52  Drone x3  
  52  5:54  Drone x2  
  56  5:57  Zergling x4  
  56  5:58  Zergling x2  
  56  6:01  Drone  
  58  6:44  Mutalisk x5  
  58  6:45  Mutalisk  
  70  6:47  Overlord x4  
  70  6:48  Overlord x2  
  70  7:04  Drone x2  
  60  7:19  Drone x6  
  60  7:20  Drone, Mutalisk x3  
  71  7:30  Hive  
  71  7:31  Mutalisk x3  
  71  7:36  Mutalisk  
  79  7:37  Drone x2  
  81  7:58  Mutalisk x2  
  81  8:00  Drone x7  
  92  8:22  Drone x6  
  98  8:38  Extractor  
  98  8:40  Extractor  
  96  8:42  Mutalisk x2  
  96  8:44  Hatchery  
  97  8:56  Hatchery  
  97  8:59  Hatchery  
  92  9:07  Hatchery  
  89  9:11  Greater Spire  
  89  9:12  Corruptor x4  
  89  9:14  Drone  
  89  9:15  Overlord x2  
  89  9:54  Corruptor  
  89  9:55  Corruptor x3  
  89  9:56  Drone x2  
  89  9:57  Drone  
  96  10:23  Corruptor x4  
  96  10:25  Drone x2  
  106  10:28  Drone  
  106  10:29  Drone  
  106  10:31  Drone x2  
  106  10:34  Drone x2  
  112  10:48  Brood Lord x2  
  116  10:56  Overlord x6  
  116  11:29  Brood Lord x4  
  116  11:30  Brood Lord  
  126  11:38  Drone x4  
  126  11:39  Drone x7  
  138  11:40  Drone, Overlord x5  
  138  11:41  Overlord  
  138  11:44  Zerg Flyer Weapons Level 1  
  134  12:09  Brood Lord x2  
  138  12:19  Brood Lord  
  140  12:25  Brood Lord  
  140  12:27  Zergling x4  
  140  12:28  Zergling x8  
  140  12:29  Drone x6  
  155  12:30  Drone x6  
  155  12:32  Extractor  
  155  12:34  Extractor  
  158  12:37  Extractor  
  158  12:43  Corruptor x2  
  161  12:44  Drone  
  161  12:45  Drone, Zergling x4  
  165  12:54  Evolution Chamber  
  165  12:56  Evolution Chamber  
  163  12:59  Ultralisk Cavern  
  163  13:01  Brood Lord  
  163  13:04  Zergling x8  
  144  13:38  Zerg Flyer Armor Level 1  
  144  13:43  Corruptor x4  
  144  13:44  Corruptor x2  
  156  13:53  Pneumatized Carapace  
  156  13:55  Overseer  
  144  14:30  Brood Lord x4  
  144  14:33  Zergling x12  
  144  14:34  Zergling x12  
  144  14:35  Zergling x12  
  162  14:40  Brood Lord  
  164  14:53  Brood Lord  
  164  14:55  Brood Lord  
  168  15:10  Mutalisk x3  
  168  15:12  Zergling x2  
  168  15:13  Zergling x4  
  177  15:15  Overlord, Corruptor  
  177  15:16  Zergling x2  
  177  15:17  Zergling x10  
  177  15:18  Zergling x8  
Show
View Real Time Build Order
Export as new Build Order

Massa Terran - Winner!

Build Orders:  

Get SALT Encoding   

  12  0:00  SCV  
  13  0:12  SCV  
  14  0:22  Supply Depot  
  14  0:24  SCV  
  15  0:33  Refinery  
  15  0:44  SCV  
  15  0:46  Barracks  
  16  0:54  Refinery  
  16  0:57  SCV  
  17  1:09  SCV  
  18  1:21  SCV  
  19  1:33  SCV, Factory  
  19  1:38  Reaper  
  21  1:48  Orbital Command  
  21  1:57  Supply Depot  
  21  2:09  Barracks  
  21  2:12  Marine  
  22  2:36  SCV  
  25  2:48  SCV  
  24  3:07  Barracks Reactor  
  24  3:10  Supply Depot  
  24  3:11  Supply Depot  
  24  3:14  Command Center  
  24  3:15  Widow Mine  
  24  3:18  SCV  
  27  3:22  Engineering Bay  
  27  3:23  Barracks Tech Lab  
  27  3:30  SCV  
  26  3:54  Stimpack  
  26  3:55  Marauder  
  28  4:05  Starport  
  28  4:09  Marine x2  
  30  4:16  Marauder  
  32  4:26  Marine  
  32  4:27  Orbital Command, Marine  
  32  4:29  SCV  
  35  4:36  Terran Infantry Weapons Level 1  
  35  4:38  Marauder  
  37  4:44  Marine  
  40  4:46  Viking  
  40  4:48  Marine  
  41  4:57  SCV x2  
  43  5:02  Marine  
  43  5:05  Marauder  
  43  5:06  Marine  
  47  5:09  SCV  
  47  5:12  SCV  
  49  5:16  Medivac  
  49  5:20  Marine  
  52  5:21  SCV  
  52  5:24  SCV  
  54  5:33  SCV  
  54  5:34  Concussive Shells  
  55  5:36  SCV  
  55  5:39  Marine x2  
  55  5:40  Factory Tech Lab  
  55  5:42  Marauder  
  60  5:50  Refinery  
  60  5:52  Refinery  
  60  5:57  Armory, Marine x2  
  62  6:09  Supply Depot  
  62  6:16  Combat Shield  
  62  6:26  Missile Turret  
  62  6:31  Marauder, Siege Tank  
  67  6:35  Marine x2  
  69  6:42  SCV  
  69  6:43  Command Center  
  70  6:48  Supply Depot  
  70  6:53  Supply Depot  
  70  7:10  SCV x2, Marine x2, Siege Tank  
  74  7:22  SCV  
  69  8:04  Marauder, Marine x2  
  73  8:06  Orbital Command  
  73  8:07  SCV x2  
  75  8:19  SCV x2  
  77  8:22  Marine  
  77  8:23  Marine  
  77  8:24  Siege Tank  
  77  8:25  Marauder  
  84  8:31  SCV x2  
  84  8:32  SCV  
  87  8:40  Marine  
  87  8:41  Marine  
  88  8:43  SCV x2  
  88  8:47  Marauder  
  93  8:55  SCV x2  
  95  8:56  Siege Tank  
  95  8:57  Marine  
  95  8:59  Marine  
  100  9:07  SCV  
  100  9:08  Marauder  
  101  9:20  Supply Depot x2  
  101  9:21  Supply Depot x3  
  101  9:24  Supply Depot x2  
  101  9:34  Orbital Command  
  101  9:40  SCV  
  101  9:41  SCV, Marine x2  
  101  9:42  Marauder, Medivac  
  87  9:52  SCV  
  87  9:53  SCV  
  87  9:58  Marine  
  87  9:59  Marine  
  90  10:02  Barracks  
  90  10:03  Marauder  
  90  10:04  SCV x2, Barracks  
  90  10:05  SCV  
  95  10:11  Medivac  
  97  10:16  SCV, Marine  
  97  10:17  SCV x2, Marine  
  102  10:25  Marauder  
  105  10:28  SCV  
  105  10:31  Siege Tank  
  105  10:34  Marine  
  105  10:35  Marine  
  110  10:38  Supply Depot  
  110  10:41  Refinery, Medivac, Supply Depot  
  110  10:42  SCV x3  
  115  10:43  Refinery  
  115  10:46  Marauder  
  118  10:50  Barracks  
  118  10:51  Barracks Tech Lab  
  118  10:52  Barracks Tech Lab, Marine x2  
  118  10:54  SCV x3  
  122  10:58  Terran Infantry Armor Level 1  
  122  11:02  Engineering Bay, Supply Depot  
  122  11:03  Siege Tank  
  125  11:06  SCV, Armory, Supply Depot  
  125  11:07  Marauder  
  125  11:10  Marine x2  
  130  11:11  Medivac  
  132  11:24  Command Center  
  132  11:29  Marauder  
  132  11:30  Command Center  
  132  11:31  Marauder x2  
  132  11:32  Marine  
  139  11:33  Marine  
  139  11:35  Siege Tank  
  139  11:37  Barracks Tech Lab  
  143  11:41  Smart Servos  
  143  11:47  Medivac  
  143  11:50  Marauder, Marine  
  143  11:51  Marine  
  143  11:52  Marauder x2  
  153  12:03  Factory  
  153  12:08  Marine x2  
  154  12:09  Factory  
  154  12:12  Marauder  
  154  12:13  Marauder x2  
  154  12:14  Marauder  
  163  12:23  SCV x3  
  163  12:26  Marine x2  
  168  12:33  Marauder  
  168  12:35  SCV x3, Marauder x3  
  179  12:38  Terran Infantry Weapons Level 2  
  179  12:39  Terran Vehicle And Ship Armor Level 1, Terran Vehicle Weapons Level 1  
  179  12:43  Marine  
  180  12:44  Marine  
  180  12:48  Orbital Command  
  180  12:50  SCV x3  
  184  12:54  Marauder  
  184  12:56  Marauder x3  
  192  13:02  SCV x2  
  194  13:16  Marauder  
  194  13:17  Marauder  
  144  14:05  Marauder  
  144  14:06  Marauder x3, Marine  
  144  14:07  Marine  
  154  14:20  Factory Tech Lab x2  
  154  14:21  Siege Tank  
  157  14:24  Marine x2  
  157  14:27  Marauder x4  
  167  14:42  Marine x2  
  169  14:48  Marauder  
  169  14:49  Marauder x3  
  176  14:53  Siege Tank  
  175  15:00  Marine x2  
  173  15:10  Marauder x4  
  180  15:17  Marine  
  180  15:18  Marine  
Tags
 
Add a new tag
Caveats
  • Supply blocks, unpowered buildings, or Contaminate may cause inaccurate times.
  • Supply counts are checked every 10 seconds.